 Dungeon Crawl Stone Soup version 0.31-a0-977-gc230f8ef24 (webtiles) character file.

Game seed: 4055516195217469480

151 BeKind the Trooper (level 5, -3/57 HPs)
             Began as an Ogre Berserker on Oct 30, 2023.
             Was a Believer of Trog.
             Slain by a gnoll
             ... wielding a +0 flail
              (12 damage)
             ... on level 2 of the Dungeon.
             The game lasted 00:02:38 (1288 turns).

BeKind the Trooper (Ogre Berserker)                 Turns: 1288, Time: 00:02:38

Health: -3/57      AC:  3    Str: 23    XL:     5   Next: 33%
Magic:  5/5        EV: 10    Int:  8    God:    Trog [**....]
Gold:   117        SH:  0    Dex:  8    Spells: 4/4 levels left

rFire   . . .        a - +0 mace
rCold   . . .        (no shield)
rNeg    . . .        b - +0 animal skin
rPois   .            (helmet restricted)
rElec   .            (no cloak)
rCorr   .            (gloves unavailable)
SInv    .            (boots unavailable)
Will    .....        (no amulet)
Stlth   +            (no ring)
HPRegen 0.29/turn    (no ring)
MPRegen 0.09/turn

%: no passive effects
@: on berserk cooldown, slowed, very slow
A: large, unfitting armour, tough skin 1
a: Renounce Religion, Berserk, Trog's Hand


You were on level 2 of the Dungeon.
You worshipped Trog.
Trog was pleased with you.
You visited 1 branch of the dungeon, and saw 2 of its levels.

You collected 117 gold pieces.

Inventory:

Hand Weapons
 a - a +0 mace (weapon)
Armour
 b - a +0 animal skin (worn)
Talismans
 k - a flux talisman
Scrolls
 d - a scroll of vulnerability {unknown}
 e - a scroll of teleportation {unknown}
 h - a scroll of enchant weapon {unknown}
 i - a scroll of blinking {unknown}
Potions
 c - a potion of curing {unknown}
 f - 2 potions of enlightenment {unknown}
 g - a potion of lignification {unknown}
 j - 2 potions of attraction {unknown}
 l - a potion of degeneration {unknown}
 m - a potion of heal wounds {unknown}
 n - a potion of brilliance {unknown}


   Skills:
 + Level 5.5 Fighting
 + Level 3.7 Maces & Flails
 + Level 3.7 Dodging


You had 4 spell levels left.
You didn't know any spells.
Your spell library was empty.

Dungeon Overview and Level Annotations

Branches:
Dungeon (2/15)

Altars:

Shops:
D:1 =*[[


Innate Abilities, Weirdness & Mutations

You are too large for most types of armour.
You have tough skin. (AC +1)


Message History

You are too injured to fight recklessly!
You are too injured to fight recklessly!
You are too injured to fight recklessly!
You are too injured to fight recklessly!
You are too injured to fight recklessly!
You are too injured to fight recklessly!
You are too injured to fight recklessly!
You are too injured to fight recklessly!
You thump the gnoll!
You kill the gnoll!
Trog accepts your kill.
You feel sick. The adder completely misses you.
The gnoll hits you with a +0 club.
* * * LOW HITPOINT WARNING * * *
The kobold hits you with a +0 dagger.
* * * LOW HITPOINT WARNING * * *
You bludgeon the gnoll!!
You kill the gnoll!
Trog accepts your kill.
You feel sick. The adder barely misses you.
You miss the kobold.
You are no longer berserk.
You are exhausted.
You feel yourself slow down.
You feel sick. The adder misses you. The kobold barely misses you.
You hit the gnoll.
The gnoll is moderately wounded.
You feel sick.
You are no longer poisoned.
The adder bites you but does no damage. The kobold hits you but does no damage.
The gnoll hits you with a +0 flail.
* * * LOW HITPOINT WARNING * * *
The adder barely misses you. The kobold hits you with a +0 dagger.
* * * LOW HITPOINT WARNING * * *
The gnoll closely misses you. The adder closely misses you.
You hit the gnoll.
The gnoll is severely wounded.
The adder bites you but does no damage. The kobold barely misses you.
The gnoll hits you with a +0 flail!
You die...

#.... .. #..... .. .
#.....###. ..
#.$......#.#
#....#..... ....!.. .#
#+#SKg#...#. #
#.>.@)......
#(#...#.#....#
#.#.....#....##.#
#...#.###.....#.##
###.#............<
#######.#.##..........
#......##.##..........
#.....†##...........#
#
#......#####........#
..


You could see a gnoll, an adder and a kobold.

Vanquished Creatures
  A scorpion (D:2)
  An adder (D:2)
  3 gnolls
  2 worms (D:2)
  4 dart slugs (D:1)
  2 endoplasms
  2 giant cockroaches
  3 goblins (D:1)
  4 hobgoblins
  2 kobolds
  4 quokkas
  3 ball pythons
  5 bats
  A frilled lizard (D:1)
  4 rats
41 creatures vanquished.

Notes
Turn   | Place    | Note
-------+----------+-------------------------------------------
     0 | D:1      | BeKind the Ogre Berserker began the quest for the Orb.
     0 | D:1      | Reached XP level 1. HP: 24/24 MP: 1/1
    22 | D:1      | Found Rosa's Antique Armour Emporium.
    58 | D:1      | Found Zucliff's General Store.
    64 | D:1      | Reached XP level 2. HP: 32/32 MP: 2/2
   151 | D:1      | Found Xoel's Armour Emporium.
   350 | D:1      | Reached XP level 3. HP: 40/40 MP: 3/3
   723 | D:1      | Found Wuwoese's Jewellery Shoppe.
   910 | D:2      | Reached ** piety under Trog
  1020 | D:2      | Reached XP level 4. HP: 49/49 MP: 4/4
  1042 | D:2      | Noticed a scorpion
  1052 | D:2      | Reached skill level 5 in Fighting
  1053 | D:2      | Killed a scorpion
  1054 | D:2      | Reached XP level 5. HP: 57/57 MP: 5/5
  1288 | D:2      | Slain by a gnoll

Illustrated notes

Levels and vault maps discovered:
D:1:      elethiomel_arrival_shortcut, layout_rooms, serial_shops, shop, shop,
          shop, shop, amcnicky_mini_corridor_feature
D:2:      layout_basic, minmay_misc_feat_diagonals

Skill      XL: |  1  2  3  4 |
---------------+-------------+-----
Maces & Flails | 3 |  3.7
Dodging        | 3 |  3.7
Fighting       | 5 |  5.5

Action                     |  1- 3 |  4- 6 || total
---------------------------+-------+-------++-------
  Melee: Mace              |   111 |    29 ||   140
 Invoke: Berserk           |     1 |     2 ||     3
 Armour: Animal skin       |   100 |    32 ||   132
  Dodge: Dodged            |    67 |    19 ||    86

Table legend: (Time is in decaauts)
 A = Elapsed time spent in this place.
 B = Non-inter-level travel time spent in this place.
 C = Inter-level travel time spent in this place.
 D = Time resting spent in this place.
 E = Time spent auto-exploring this place.
 F = Levels seen in this place.
 G = Mean time per level.
                   A        B        C        D        E       F      G
               +--------+--------+--------+--------+--------+-----+--------+
         Total |   1337 |   1312 |     25 |    372 |    649 |   2 |  668.5 |
       Dungeon |   1337 |   1312 |     25 |    372 |    649 |   2 |  668.5 |
               +--------+--------+--------+--------+--------+-----+--------+

Top non-repeatable levels by time:
     D:1: 796 daAuts
     D:2: 541 daAuts
